AoeStats
← RAFAOalexandre

Oasis

509967752Analyzed
2v2 RM · 4d ago on Sep 28, 2026· 37m 13s· 4 players
Game mode
Random Map
Map size
Medium (4 player)
Population
200
Speed
Normal
Resources
Standard
Victory
Conquest
Starting age
Dark Age
Ending age
Imperial Age
RankedLock teamsTeams togetherTeam positionsShared explorationLock speedFull tech treeHidden civsTurbo modeCheats
Victory
Defeat
🇬🇧 Bohemians · United Kingdom
819
+18
🇪🇸 Danes · Spain
817
+18
🇵🇱 Turks · Poland
906
-20
🇧🇷 Vietnamese · Brazil
820
-16
RAFAOalexandre
7:48 Loom
10:52 Feudal Age
16:21 Man-at-Arms
17:48 Wheelbarrow
19:30 Gold Mining
25:46 Padded Archer Armor
26:21 Fletching
34:30 Castle Age
33:41 Stone Mining
34:40 Horse Collar
36:23 Crossbowman
TotalNoobPL
2:39 Loom
13:52 Feudal Age
14:25 Double-Bit Axe
14:23 Horse Collar
14:59 Town Watch
17:41 Bloodlines
29:25 Castle Age
28:30 Forging
29:11 Gold Mining
31:47 Iron Casting
31:18 Scale Barding Armor
31:32 Husbandry
32:32 Fletching
34:10 Heavy Plow
34:12 Bodkin Arrow
Remy
11:44 Feudal Age
12:15 Man-at-Arms
14:45 Arson
16:03 Forging
21:20 Castle Age
19:39 Double-Bit Axe
22:02 Long Swordsman
22:44 Squires
26:10 Chemistry
28:22 Fletching
28:56 Padded Archer Armor
32:10 Bodkin Arrow
33:23 Leather Archer Armor
34:39 Bow Saw
El Professor
8:21 Loom
10:52 Feudal Age
10:58 Man-at-Arms
11:23 Arson
11:34 Double-Bit Axe
13:57 Scale Mail Armor
14:13 Horse Collar
21:19 Castle Age
19:44 Padded Archer Armor
19:34 Fletching
21:04 Fletching
21:24 Forging
22:39 Wheelbarrow
21:40 Elite Skirmisher
22:48 Bow Saw
22:51 Heavy Plow
23:02 Squires
23:03 Gambesons
25:35 Gold Mining
28:19 Gold Shaft Mining
31:44 Stone Mining
32:21 Chain Mail Armor
33:17 Stone Shaft Mining
32:59 Hand Cart
32:30 Town Watch
35:18 Iron Casting
Connection lost

Rejoining the realm…

Still unreachable

The connection could not be restored.

Session expired

The server has moved on; the page needs a fresh start.